 Dungeon Crawl Stone Soup version 0.17-a0-1481-gfdcec5c (webtiles) character file.

72 Ajdolov the Poker (level 4, -2/33 HPs)
             Began as a Merfolk Gladiator on July 5, 2015.
             Slain by a gnoll (7 damage)
             ... on level 1 of the Dungeon.
             The game lasted 00:02:59 (1250 turns).

Ajdolov the Poker (Merfolk Gladiator)               Turns: 1250, Time: 00:03:00

Health: -2/33      AC:  4    Str: 15    XL:     4   Next: 26%
Magic:  4/4        EV: 13    Int:  7    God:
Gold:   61         SH:  0    Dex: 15    Spells: 0 memorised, 3 levels left

rFire  . . .     SeeInvis .     a - +0 trident
rCold  . . .     Clarity  .     b - +0 leather armour
rNeg   . . .     SustAt   .     (no shield)
rPois  .         Gourm    .     c - +0 helmet
rElec  .         Spirit   .     (no cloak)
rCorr  .         Warding  .     (no gloves)
rMut   .         Stasis   .     (no boots)
MR     .....                    (no amulet)
Stlth  +.........               (no ring)
                                (no ring)

@: not resistant to hostile enchantments, very unstealthy
A: change form in water, swift swim
a: no special abilities


You were on level 1 of the Dungeon.
You were not hungry.

You visited 1 branch of the dungeon, and saw 2 of its levels.

You collected 61 gold pieces.

Inventory:

Hand weapons
 a - a +0 trident (weapon)
Missiles
 d - 3 throwing nets (quivered)
 f - 5 javelins
Armour
 b - a +0 leather armour (worn)
 c - a +0 helmet (worn)
Scrolls
 i - a scroll of enchant weapon {unknown}
 k - 2 scrolls of remove curse {unknown}
Potions
 h - a potion of mutation {unknown}
 l - a potion of curing {unknown}
Comestibles
 e - a bread ration
 g - 4 chunks of flesh
 j - a beef jerky
 m - a meat ration
 n - 3 fruits


   Skills:
 - Level 2.1 Fighting
 + Level 7.2 Polearms
 - Level 2.0 Throwing
 - Level 4.0 Dodging


You had 3 spell levels left.
You didn't know any spells.

Dungeon Overview and Level Annotations

Branches:
Dungeon (2/15)

Altars:
Ru
Sif Muna


Message History

Attack whom?
Press: ? - help, Dir - move target cursor, f/p - gnoll
Aim: a gnoll, wielding a halberd (heavily wounded)
The gnoll is in the way.
You barely miss the gnoll.
The gnoll is moderately wounded.
The gnoll hits you from afar with a halberd!
* * * LOW HITPOINT WARNING * * *
The gnoll hits you but does no damage.
There is a stone staircase leading down here.
There is a stone staircase leading up here.
The gnoll barely misses you. x2
You climb upwards.
A rat comes into view.
There is a stone staircase leading down here.
You closely miss the gnoll.
The gnoll is lightly wounded.
The rat moves out of view.
The gnoll hits you.
* * * LOW HITPOINT WARNING * * *
The gnoll hits you!
You die...

..#.##.................###.......
.##..#............(##### #.......
.###.#.......#...#.#########.....
.# #.#..........##...............
.# #............##.#######.......
## #...##.##.......# ###..#..##.
#♣#♣...#..#...#.##.####...##..##.
...#.........##.#............)##.
...♣....)....#.g@..####.##...##♣♣
......)........#.#.##...##.### ♣.
...♣........#.##>♣.♣..#....# #♣.
........................#### #P.
...♣..........#♣#♣.♣.♣.########♣.
...............................#.
.♣#♣...........♣.♣.♣.♣.#######...
#...........#.#####.....########.
#######.....### #...#.♣.♣.♣.♣..


You could see a gnoll.

Vanquished Creatures
  An orc wizard (D:2)
  A gnoll (D:2)
  2 giant geckos
  8 goblins
  6 hobgoblins
  A quokka (D:2)
  9 bats
  3 giant newts
  4 kobolds
  3 rats
38 creatures vanquished.

Notes
Turn   | Place    | Note
--------------------------------------------------------------
     0 | D:1      | Ajdolov the Merfolk Gladiator began the quest for the Orb.
     0 | D:1      | Reached XP level 1. HP: 16/16 MP: 1/1
    21 | D:1      | Reached skill level 5 in Polearms
    54 | D:1      | Reached XP level 2. HP: 17/22 MP: 2/2
   823 | D:2      | Reached skill level 6 in Polearms
   823 | D:2      | Reached XP level 3. HP: 20/27 MP: 3/3
   953 | D:2      | Found a sacrificial altar of Ru.
  1044 | D:2      | Found a deep blue altar of Sif Muna.
  1060 | D:2      | Reached XP level 4. HP: 28/33 MP: 4/4
  1065 | D:2      | Reached skill level 7 in Polearms
  1250 | D:1      | Slain by a gnoll

Vault maps used:
D:1:      ncdulo_watergridlock, serial_forest, infiniplex_forest_lined_room_2,
          infiniplex_forest_lined_3_way, infiniplex_forest_lined_room_3,
          infiniplex_forest_clump_curved, infiniplex_forest_end_2,
          infiniplex_forest_clump_small, infiniplex_forest_corner_1
D:2:      nicolae_ru_great_annihilating_truth, old_standard_altar

Action                   |  1- 3 |  4- 6 || total
-------------------------+-------+-------++-------
Melee: Trident           |   111 |    28 ||   139
  Eat: Chunk             |     1 |       ||     1
